 Dungeon Crawl Stone Soup version 0.22-a0-542-gce4f928 (webtiles) character file.

9 inc the Sneak (level 2, 0/17 HPs)
             Began as an Octopode Enchanter on June 24, 2018.
             Succumbed to an adder's poison
             ... on level 2 of the Dungeon.
             The game lasted 00:00:16 (26 turns).

inc the Sneak (Octopode Enchanter)                    Turns: 26, Time: 00:00:17

Health: 0/17       AC:  1    Str:  7    XL:     2   Next: 12%
Magic:  5/5        EV: 13    Int: 17    God:
Gold:   0          SH:  0    Dex: 12    Spells: 4/5 levels left

rFire    . . .     SeeInvis .   a - +1 dagger
rCold    . . .     Gourm    .   (no shield)
rNeg     . . .     Faith    .   (helmet restricted)
rPois    .         Spirit   .   (no amulet)
rElec    .         Reflect  .   (no ring)
rCorr    .         Harm     .   (no ring)
MR       .....                  (no ring)
Stlth    ++++......             (no ring)
HPRegen  0.05/turn              (no ring)
MPRegen  0.09/turn              (no ring)
                                (no ring)
                                (no ring)

@: lethally poisoned (0 -> -4)
A: almost no armour, stealthy swim, amphibious, 8 rings, constrict 8, camouflage
1, gelatinous body 1
a: no special abilities


You were on level 2 of the Dungeon.
You were not hungry.

You visited 1 branch of the dungeon, and saw 2 of its levels.

Inventory:

Hand Weapons
 a - a +1 dagger (weapon)
Comestibles
 c - 2 rations


   Skills:
 - Level 1.0 Short Blades
 - Level 2.0 Dodging
 + Level 5.0 Stealth
 - Level 2.0 Spellcasting
 - Level 3.0 Hexes


You had 4 spell levels left.
You knew the following spells:

 Your Spells              Type           Power        Failure   Level  Hunger
a - Corona                Hex            ##.....      5%          1    #......

Your spell library contained the following spells:

 Spells                   Type           Power        Failure   Level  Hunger
 Confuse                  Hex            ##......     17%         3    ###....
 Tukima's Dance           Hex            ##......     17%         3    ###....
 Ensorcelled Hibernation  Hex/Ice        #.....       16%         2    ###....
 Dazzling Spray           Conj/Hex       #.....       30%         3    ###....


Dungeon Overview and Level Annotations

Branches:
Dungeon (1/15)

Altars:


Innate Abilities, Weirdness & Mutations

You cannot wear most types of armour.
You are very stealthy in the water. (Stealth+)
You are amphibious.
You can wear up to eight rings at the same time.
You can use your tentacles to constrict eight enemies at once.
Your skin changes colour to match your surroundings (Stealth+).
Your rubbery body absorbs attacks. (AC +1, EV +1)


Message History

You constrict the adder. The adder misses you.
You hit the adder.
The adder is almost dead.
You constrict the adder.
You kill the adder!
Your Stealth skill increases to level 5!
You have reached level 2!
* * * LOW HITPOINT WARNING * * *
You feel sick.
You aren't carrying any potions.
* * * LOW HITPOINT WARNING * * *
You feel sick.
There is a lethal amount of poison in your body!
There is a lethal amount of poison in your body!
There is a lethal amount of poison in your body!
* * * LOW HITPOINT WARNING * * *
You feel sick.
* * * LOW HITPOINT WARNING * * *
You feel sick.
You die...

#######
..... #..#
#.@# #..#
#..# #..#
.........#
.........#
####..####
#.. #..


There were no monsters in sight!

Vanquished Creatures
  An adder (D:2)
1 creature vanquished.

Notes
Turn   | Place    | Note
-------+----------+-------------------------------------------
     0 | D:1      | inc the Octopode Enchanter began the quest for the Orb.
     0 | D:1      | Reached XP level 1. HP: 11/11 MP: 3/3
     4 | D:1      | You fall through a shaft!
    12 | D:2      | Reached skill level 5 in Stealth
    12 | D:2      | Reached XP level 2. HP: 5/17 MP: 5/5
    26 | D:2      | Succumbed to an adder's poison

Vault maps used:
D:1:      minmay_arrival_split_and_join
D:2:      cheibrodos_old_hovel, doesnt_xom_only_xom

Skill      XL: |  1 |
---------------+----+-----
Stealth        | 5 |  5.0
Short Blades   | |  1.0
Dodging        | |  2.0
Spellcasting   | |  2.0
Hexes          | |  3.0

Action                   || total
-------------------------++-------
Melee: Dagger            ||     5
       Constrict         ||     1
Dodge: Dodged            ||     4

Table legend:
 A = Spawn XP
 B = Non-spawn XP
 C = Spawn XP percentage of total XP
 D = Spawn monster count
 E = Non-spawn monster count
 F = Spawn count percentage of total count
 G = Total turns spent on level
                    A         B        C        D         E        F      G
               +---------+---------+-------+---------+---------+-------+---------
         Total |       0 |      13 |   0.0 |       0 |       1 |   0.0 |    26
               +---------+---------+-------+---------+---------+-------+---------
           D:2 |       0 |      13 |   0.0 |       0 |       1 |   0.0 |    22
               +---------+---------+-------+---------+---------+-------+---------
